 Dungeon Crawl Stone Soup version 0.31-a0-544-gceb718ecc6 (webtiles) character file.

Game seed: 16906299875584893041

393274 DrLatency the Bewitcher (level 21, -2/174 HPs)
             Began as a Demigod Enchanter on Aug 15, 2023.
             Slain by an Executioner (10 damage)
             ... on level 2 of the Depths.
             The game lasted 02:57:02 (62659 turns).

DrLatency the Bewitcher (Demigod Enchanter)        Turns: 62659, Time: 02:57:03

Health: -2/174     AC: 20    Str: 13    XL:     21   Next: 20%
Magic:  25/42      EV: 13    Int: 45    God:
Gold:   1039       SH:  5    Dex: 14    Spells: 5/42 levels left

rFire   + . .        R - +9 dagger (speed)
rCold   . . .        q - orb {guile}
rNeg    . . .        m - quicksilver dragon scales
rPois   +            Z - +0 helmet "Xusaugi" {rPois}
rElec   +            G - +0 cloak of the Mertaur {rElec rF+}
rCorr   .            w - +0 pair of gloves
SInv    +            F - +1 pair of boots "Panirgh" {Fly Str+4}
Will    ++...        B - amulet of the Tired Riding Eyes {Reflect rElec SH+5}
Stlth   +++++        N - ring of willpower
HPRegen 0.49/turn    K - ring of see invisible
MPRegen 0.28/turn

%: reflection
@: confusing by touch, about to teleport, flying, very slightly contaminated,
slowed, unable to read, very slow
A: high MP 1, forlorn, divine attributes, inability to read after injury 1
}: 2/15 runes: decaying, serpentine
a: no special abilities


You were on level 2 of the Depths.
You visited 8 branches of the dungeon, and saw 38 of its levels.
You also visited: Gauntlet.

You collected 3727 gold pieces.
You spent 2688 gold pieces at shops.

Inventory:

Hand Weapons
 R - a +9 dagger of speed (weapon)
Missiles
 e - a throwing net
Armour
 m - quicksilver dragon scales (worn)
 q - an orb of guile (worn)
 w - a +0 pair of gloves (worn)
 F - the +1 pair of boots "Panirgh" (worn) {Fly Str+4}
   (You found it in a Gauntlet)

   Str+4:     It affects your strength (+4).
   Fly:       It grants you flight.
 G - the +0 cloak of the Mertaur (worn) {rElec rF+}
   (You found it in a Gauntlet)

   rF+:       It protects you from fire.
   rElec:     It insulates you from electricity.
 Z - the +0 helmet "Xusaugi" (worn) {rPois}
   (You bought it in a shop on level 2 of the Orcish Mines)

   rPois:     It protects you from poison
Jewellery
 j - an amulet of the acrobat
 r - a ring of protection from fire
 x - the ring of Ydyr {Drain rElec rC+ Str+3 Int+2 Dex+6}
   (You acquired it on level 1 of the Snake Pit)

   [ring of dexterity]

   Str+3:     It affects your strength (+3).
   Int+2:     It affects your intelligence (+2).
   Dex+6:     It affects your dexterity (+6).
   rC+:       It protects you from cold.
   rElec:     It insulates you from electricity.
   Drain:     It drains your maximum health when unequipped.
 B - the amulet of the Tired Riding Eyes (around neck) {Reflect rElec SH+5}
   (You found it on level 3 of the Swamp)

   [amulet of reflection]

   Reflect:   It reflects blocked missile attacks.
   rElec:     It insulates you from electricity.
   SH+5:      It affects your SH (+5).
 K - a ring of see invisible (right hand)
 N - a ring of willpower (left hand)
 P - a ring of protection from cold
 S - a +5 ring of evasion
 T - a ring of positive energy
 X - an amulet of magic regeneration
Wands
 p - a wand of polymorph (54)
 v - a wand of roots (49)
 y - a wand of digging (34)
 A - a wand of quicksilver (22)
 I - a wand of flame (32)
 W - a wand of mindburst (2)
 Y - a wand of charming (29)
Scrolls
 b - 4 scrolls of blinking
 d - 10 scrolls of enchant armour
 f - 16 scrolls of teleportation
 h - 12 scrolls of revelation
 i - 5 scrolls of poison
 o - 2 scrolls of brand weapon
 s - a scroll of summoning
 t - 17 scrolls of amnesia
 z - 4 scrolls of fog
 O - 3 scrolls of vulnerability
 U - 13 scrolls of immolation
Potions
 a - 5 potions of might
 c - 3 potions of invisibility
 g - 9 potions of resistance
 l - 4 potions of lignification
 n - 16 potions of curing
 u - 5 potions of cancellation
 C - 5 potions of enlightenment
 D - 8 potions of mutation
 E - a potion of berserk rage
 H - 5 potions of brilliance
 L - 5 potions of haste
 M - a potion of magic
 Q - 3 potions of ambrosia
 V - 2 potions of heal wounds
Miscellaneous
 k - a phantom mirror


   Skills:
 - Level 12.3 Fighting
 - Level 10.6 Short Blades
 - Level 10.7 Armour
 - Level 6.5 Dodging
 - Level 15.8 Stealth
 - Level 11.4 Spellcasting
 - Level 15.5 Conjurations
 + Level 18.4 Hexes
 - Level 7.2 Summonings
 - Level 4.6 Necromancy
 - Level 4.2 Ice Magic
 - Level 3.9 Air Magic
 - Level 5.3 Earth Magic


You had 5 spell levels left.
You knew the following spells:

 Your Spells              Type           Power      Damage    Failure   Level
a - Ensorcelled Hibernat  Hex/Ice        100%       N/A       1%          2
b - Orb of Destruction    Conj           52%        9d13      2%          7
c - Confusing Touch       Hex            100%       N/A       0%          3
d - Tukima's Dance        Hex            100%       N/A       0%          3
e - Stone Arrow           Conj/Erth      100%       3d13      1%          3
f - Freezing Cloud        Conj/Ice/Air   38%        6-21      1%          5
g - Discord               Hex            56%        N/A       7%          8
h - Cause Fear            Hex            56%        N/A       0%          4
i - Sublimation of Blood  Necr           61%        N/A       1%          2

Your spell library contained the following spells:

 Spells                   Type           Power      Damage    Failure   Level
 Magic Dart               Conj           100%       1d8       0%          1
 Dazzling Flash           Conj/Hex       100%       N/A       0%          3
 Apportation              Tloc           50%        N/A       1%          1
 Necrotise                Necr           100%       1d9       1%          1
 Sandblast                Erth           100%       2d20      1%          1
 Sting                    Tmut/Pois      100%       1d8       1%          1
 Summon Small Mammal      Summ           100%       N/A       1%          1
 Call Imp                 Summ           100%       N/A       1%          2
 Cigotuvi's Dreadful Rot  Necr/Pois/Air  100%       N/A       1%          2
 Momentum Strike          Conj/Tloc      100%       3d10      1%          2
 Passwall                 Tmut/Erth      40%        N/A       1%          2
 Inner Flame              Hex/Fire       83%        N/A       1%          3
 Mephitic Cloud           Conj/Pois/Air  71%        N/A       1%          3
 Summon Guardian Golem    Hex/Summ       96%        N/A       1%          3
 Anguish                  Hex/Necr       46%        N/A       1%          4
 Flame Wave               Conj/Fire      77%        2d17      1%          4
 Sticky Flame             Conj/Fire      77%        2d9       1%          4
 Silence                  Hex/Air        45%        N/A       1%          5
 Irradiate                Conj/Tmut      38%        3d24      2%          5
 Blink                    Tloc           50%        N/A       3%          2
 Lesser Beckoning         Tloc           50%        N/A       3%          2
 Ignite Poison            Fire/Tmut/Pois 25%        N/A       6%          3
 Petrify                  Tmut/Erth      49%        N/A       6%          4
 Agony                    Necr           61%        N/A       8%          5
 Summon Forest            Summ/Tloc      27%        N/A       12%         5
 Enfeeble                 Hex            56%        N/A       1%          7
 Conjure Ball Lightning   Conj/Air       42%        3x3d15    5%          6
 Spellforged Servitor     Conj/Summ      45%        N/A       16%         7
 Simulacrum               Ice/Necr       30%        N/A       43%         6
 Summon Hydra             Summ           37%        N/A       63%         7
 Haunt                    Necr/Summ      34%        N/A       82%         7
 Eringya's Noxious Bog    Tmut/Pois      12%        4d6       96%         6
 Ozocubu's Refrigeration  Ice            29%        4d14      96%         7
 Malign Gateway           Summ/Tloc      27%        N/A       98%         7
 Disjunction              Tloc           12%        N/A       100%        8
 Summon Horrible Things   Summ           37%        N/A       100%        8
 Polar Vortex             Ice            29%        12d3*     100%        9


Dungeon Overview and Level Annotations

Branches:
Dungeon (15/15)            Temple (0/1) D:7            Lair (5/5) D:10
  Swamp (4/4) Lair:2        Snake (4/4) Lair:2        Slime (0/5) Lair:5
    Orc (2/2) D:11            Elf (1/3) Orc:2        Vaults (4/5) D:13
  Crypt (0/3) Vaults:3     Depths (3/4) D:15        Gauntlet (visited)

Shops:
D:4 =   D:9 [   D:10 *   Orc:1 (*=   Orc:2 ![:!*   Snake:2 **?   Snake:3 *=
Vaults:3 ?   Vaults:4 =   Depths:1 =:=*[?[(   Depths:2 [=[!

Portals:
Hell: Depths:1 Depths:3
Abyss: Depths:1 Depths:3
Pandemonium: Orc:2

Annotations:
D:1 1 transporter
Vaults:3 exclusion: orange crystal statue


Innate Abilities, Weirdness & Mutations

You have an increased reservoir of magic. (+10% MP)
You shall have no god before yourself.
Your divine heritage dramatically boosts your attributes as you level up.
You occasionally lose the ability to read scrolls when taking damage.


Message History

Your hands begin to glow red.
The Executioner completely misses you. You block the Executioner's attack.
The Executioner hits you. The Executioner hits you!!
The Executioner hits you but does no damage.
You block the Executioner's attack. The Executioner hits you!
The Executioner hits you. The Executioner barely misses you.
The Executioner hits you but does no damage.
The Executioner closely misses you. The Executioner hits you!
The Executioner completely misses you.
The Executioner hits you but does no damage.
The Executioner closely misses you.
Press: ? - help, v - describe, . - travel
Here: an Executioner (fast, strong, frenzied and insane, chance to confuse on hit: 57%)
The floor, spattered with blood.
You hit the Executioner but do no damage.
You block the Executioner's attack. The Executioner closely misses you.
The Executioner hits you!
You hit the Executioner but do no damage.
The Executioner closely misses you. x2; The Executioner hits you!
The Executioner hits you. x2
* * * LOW HITPOINT WARNING * * *
The Executioner closely misses you.
You hit the Executioner but do no damage.
You block the Executioner's attack. The Executioner misses you.
The Executioner hits you.
* * * LOW HITPOINT WARNING * * *
The Executioner barely misses you. The Executioner hits you.
* * * LOW HITPOINT WARNING * * *
The Executioner hits you but does no damage.
As you read the scroll of teleportation, it crumbles to dust.
You feel strangely unstable. The Executioner closely misses you.
The Executioner hits you but does no damage. x2
The Executioner hits you.
* * * LOW HITPOINT WARNING * * *
The Executioner hits you but does no damage.
The Executioner misses you. The Executioner hits you!!
You feel threatened and lose the ability to read scrolls!
* * * LOW HITPOINT WARNING * * *
The Executioner hits you!
You die...

#..........#.#.####+##
.~~....#......#.....
..............#..#.# #
............####.##.##.#
...........##...........
...........'.........._.
........##...........
.........####1##.##.
......... #@.#
.......... #.......#
........#. ####+####
........... ....#..


You could see a neutral Executioner (fast, strong, insane).

Vanquished Creatures
  Mara (Vaults:4)
  Boris (twice) (Vaults:4 Depths:2)
  Saint Roka (Vaults:4)
  Rupert (D:14)
  2 tentacled monstrosities
  Zenata (Vaults:3)
  Asterion (Depths:2)
  2 quicksilver dragons
  Frances (Snake:1)
  A kraken (Swamp:1)
  4 sphinxes
  2 thorn hunters (Swamp:3)
  Agnes (Snake:1)
  A shadow dragon (Depths:3)
  Kirke (D:14)
  4 tengu reavers
  Aizul (Snake:2)
  A fenstrider witch (Swamp:3)
  Donald (Swamp:3)
  3 fire giants
  7 vault wardens
  3 nagarajas
  Louise (D:14)
  An iron dragon (Depths:3)
  A spectral caustic shrike (Depths:2)
  A fire giant (shapeshifter) (Depths:3)
  6 frost giants
  11 ironbound preservers
  An orc warlord (Vaults:2)
  2 war gargoyles (Vaults:4)
  A ghoul (Swamp:2)
  15 very ugly things
  A spriggan defender (Depths:3)
  4 vampire knights
  4 stone giants
  9 ironbound thunderhulks
  9 eleionomae
  11 dire elephants
  2 minotaurs
  6 spark wasps
  5 bunyips
  2 green deaths (Swamp:4)
  A blizzard demon (Depths:3)
  Snorg (Lair:4)
  3 ettins
  3 fire dragons
  7 yaktaur captains
  A spriggan zombie (Depths:2)
  5 entropy weavers
  A spectral spriggan (Depths:2)
  2 great orbs of eyes
  3 hell beasts
  13 hydras
  4 salamander tyrants
  2 demonspawn (Orc:2)
  3 rakshasas
  3 ghost crabs
  7 ice dragons
  4 ironbound frosthearts
  A peacekeeper (Vaults:4)
  17 vault guards
  A merfolk avatar (Lair:5)
  A spriggan air mage (Depths:3)
  3 centaur warriors
  22 anacondas
  10 alligators
  An ogre mage (D:15)
  3 boulder beetles
  A sphinx skeleton (Depths:2)
  12 naga warriors
  13 two-headed ogres
  4 death yaks (Lair:5)
  6 tengu warriors
  2 vampire magi (Depths:2)
  A hell hog (Depths:3)
  5 deep troll earth magi
  9 deep troll shamans
  2 thrashing horrors (Swamp:4)
  Urug (Orc:2)
  15 naga sharpshooters
  6 orc high priests (Orc:2)
  2 spriggan berserkers
  14 shock serpents
  6 hell knights (Depths:1)
  7 spriggans
  2 skysharks
  A soul eater (Depths:3)
  2 sixfirhies (Orc:2)
  7 iron trolls
  4 goliath frogs
  A salamander mystic (Snake:4)
  37 deep trolls
  4 spectral anacondas (Snake:1)
  4 anaconda zombies (Snake:1)
  7 swamp dragons
  3 spriggan druids
  5 naga ritualists
  9 bog bodies
  4 necromancers
  6 lindwurms
  5 wizards
  6 deep elf pyromancers
  A tengu zombie (Depths:2)
  Pikel (D:4)
  2 anaconda skeletons (Snake:1)
  10 harpies
  15 ironbound convokers
  A deep elf zephyrmancer (Orc:2)
  A shadow dragon skeleton (Depths:2)
  5 cyclopes
  6 mana vipers
  7 salamanders
  10 orc sorcerers
  10 orc knights
  52 ugly things
  8 will-o-the-wisps
  A wolf spider (D:15)
  15 elephants
  3 manticores
  A faun (shapeshifter) (Depths:1)
  8 guardian serpents
  36 black mambas
  15 vault sentinels
  A torpor snail (Lair:1)
  9 naga magi
  A fire giant skeleton (Depths:2)
  A rust devil (Orc:2)
  A smoke demon (Orc:2)
  10 cane toads
  2 centaur skeletons (D:15)
  A gargoyle (D:11)
  Maurice (D:11)
  2 orange demons (Swamp:4)
  Psyche (D:9)
  8 komodo dragons
  20 yaktaurs
  6 tengu conjurers
  2 unseen horrors
  An efreet (D:13)
  3 kobold demonologists
  8 anaconda simulacra (Snake:1)
  A rime drake (Lair:5)
  A komodo dragon (shapeshifter) (D:15)
  A red devil (Depths:2)
  10 tyrant leeches
  3 meliai (D:14)
  A polar bear (Lair:5)
  2 trolls
  A merfolk (shapeshifter) (Depths:2)
  12 blink frogs
  A wind drake (Lair:5)
  Grinder (D:3)
  8 hornets
  A snapping turtle (Lair:5)
  A ynoxinul (Orc:2)
  Sigmund (D:4)
  47 slime creatures
  76 yaks
  4 centaur simulacra
  3 water elementals
  8 wyverns
  2 wraiths
  A fire bat (shapeshifter) (Depths:2)
  4 shadows
  3 basilisks
  2 hogs (D:14)
  7 vampire mosquitoes
  A steam dragon (Lair:5)
  A small abomination (Swamp:4)
  2 redbacks
  2 wargs (Orc:1)
  13 swamp worms
  33 nagas
  2 large abominations (Swamp:4)
  12 water moccasins
  3 ice beasts
  A meliai simulacrum (Gauntlet)
  A sky beast (D:7)
  A hornet zombie (D:15)
  3 black bears
  37 orc warriors
  5 swamp drakes
  5 ogres
  5 centaurs
  2 lemures (D:5)
  2 phantoms
  4 kobold brigands
  A necrophage (Swamp:2)
  9 bullfrogs
  2 gnoll sergeants
  A cane toad simulacrum (Gauntlet)
  2 wights
  9 killer bees
  6 electric eels
  3 howler monkeys (D:10)
  A crimson imp (Orc:2)
  23 orc priests
  5 hounds
  3 jellies (Lair:5)
  Crazy Yiuf (D:7)
  An iron imp (Orc:2)
  2 sleepcaps
  4 iguanas
  20 orc wizards
  Ijyb (D:5)
  A boggart skeleton (D:15)
  Robin (D:4)
  14 gnolls
  7 adders
  2 shadow imps
  5 white imps
  2 ufetubi
  A worm (D:4)
  A dart slug (D:1)
  71 orcs
  7 ball pythons
  6 endoplasms
  2 giant cockroaches
  12 goblins
  9 hobgoblins
  4 quokkas
  2 bats
  2 frilled lizards
  18 kobolds
  4 rats
  A tentacle (Swamp:1)
1359 creatures vanquished.

Vanquished Creatures (collateral kills)
  A walking crystal tome (Depths:3)
  2 walking divine tomes (Depths:3)
  2 fire giants (Depths:3)
  2 very ugly things (Depths:2)
  A vampire knight (Depths:3)
  A stone giant (Depths:3)
  2 fire dragons (Depths:3)
  2 spriggan air magi (Depths:3)
  An ogre mage (D:15)
  2 two-headed ogres
  A spriggan berserker (Depths:3)
  An ugly thing (Depths:2)
  A hellion (Depths:2)
  A tormentor (Depths:2)
  A basilisk (D:15)
  A chaos spawn (Depths:2)
  6 orc warriors
  An ogre (D:12)
  4 wights (D:8)
  3 gnolls (D:8)
  8 orcs
44 creatures vanquished.

Vanquished Creatures (others)
  A juggernaut (Depths:3)
  A fire giant (Depths:3)
  A very ugly thing (Depths:2)
  An ice dragon (Depths:3)
  An ugly thing (Depths:2)
  8 dancing weapons
  An ice devil (Depths:2)
  A red devil (Depths:2)
  2 bloated husks
  An orc priest (Vaults:4)
  2 orcs (Orc:2)
  41 foxfires
  3 tentacles (Swamp:1)
64 creatures vanquished.

Grand Total: 1467 creatures vanquished

Notes
Turn   | Place    | Note
-------+----------+-------------------------------------------
     0 | D:1      | DrLatency the Demigod Enchanter began the quest for the
                  | Orb.
     0 | D:1      | Reached XP level 1. HP: 14/14 MP: 5/5
    45 | D:1      | Reached skill level 1 in Short Blades
   517 | D:1      | Reached XP level 2. HP: 13/20 MP: 7/7
   570 | D:1      | Learned a level 2 spell: Ensorcelled Hibernation
  1380 | D:2      | Reached XP level 3. HP: 26/26 MP: 8/8
  1488 | D:3      | Noticed Grinder
  1942 | D:3      | Reached skill level 3 in Hexes
  1944 | D:3      | Reached skill level 1 in Ice Magic
  2356 | D:4      | Noticed Robin
  2438 | D:4      | Noticed Pikel
  2438 | D:4      | Noticed a lemure
  2496 | D:4      | Found Jikoocih's Jewellery Shoppe.
  2749 | D:4      | Learned a level 3 spell: Confusing Touch
  3079 | D:4      | Killed Robin
  3080 | D:4      | Reached XP level 4. HP: 18/33 MP: 6/9
  3436 | D:4      | Noticed a lemure
  3468 | D:5      | Entered Level 5 of the Dungeon
  3794 | D:5      | Killed a lemure
  3916 | D:5      | Reached skill level 4 in Hexes
  3971 | D:5      | Noticed Ijyb
  4174 | D:5      | Reached XP level 5. HP: 38/38 MP: 7/10
  4309 | D:5      | Noticed an ice beast
  4346 | D:5      | Killed Ijyb
  4768 | D:6      | Reached skill level 5 in Hexes
  4961 | D:5      | Reached XP level 6. HP: 23/45 MP: 6/13
  6097 | D:5      | Reached XP level 7. HP: 29/50 MP: 9/16
  6303 | D:6      | Noticed a yak
  6303 | D:6      | Noticed a yak
  6474 | D:6      | HP: 2/50 [black bear (4)]
  6992 | D:7      | Found a runed translucent door.
  6993 | D:7      | Noticed Crazy Yiuf
  7002 | D:7      | Killed Crazy Yiuf
  7003 | D:7      | Reached skill level 5 in Stealth
  7157 | D:7      | Reached XP level 8. HP: 39/57 MP: 10/17
  7476 | D:7      | Found a staircase to the Ecumenical Temple.
  8453 | D:6      | Reached XP level 9. HP: 62/62 MP: 11/18
  8455 | D:6      | Reached skill level 10 in Stealth
  8665 | D:4      | Killed Pikel
  8822 | D:4      | Noticed Sigmund
  8835 | D:4      | Killed Sigmund
  9563 | D:3      | Killed Grinder
  9872 | D:3      | Learned a level 3 spell: Tukima's Dance
 10958 | D:9      | Reached XP level 10. HP: 66/69 MP: 10/20
 11128 | D:9      | Noticed Psyche
 11135 | D:9      | Killed Psyche
 11136 | D:9      | Reached skill level 6 in Hexes
 11250 | D:9      | Reached skill level 7 in Hexes
 11380 | D:9      | Found Apub Dik's Armour Shop.
 11721 | D:10     | Entered Level 10 of the Dungeon
 11813 | D:10     | Found a staircase to the Lair.
 11832 | D:10     | Noticed a two-headed ogre
 12078 | Lair:1   | Entered Level 1 of the Lair of Beasts
 12078 | Lair:1   | Noticed a black mamba
 12080 | Lair:1   | Noticed a torpor snail
 12148 | Lair:1   | Noticed a black mamba
 12148 | Lair:1   | Found the +3 pair of seven-league boots {Rampage+∞}
 12170 | Lair:1   | Killed a black mamba
 12171 | Lair:1   | Reached skill level 8 in Hexes
 12202 | Lair:1   | Killed a torpor snail
 12237 | Lair:1   | Killed a black mamba
 12238 | Lair:1   | Reached skill level 5 in Short Blades
 12553 | Lair:1   | Reached XP level 11. HP: 79/79 MP: 18/21
 13355 | Lair:2   | Found a staircase to the Snake Pit.
 13574 | Lair:2   | Reached skill level 10 in Short Blades
 14007 | Lair:2   | Found a staircase to the Swamp.
 14614 | Lair:3   | Reached skill level 5 in Fighting
 15320 | Lair:4   | Reached XP level 12. HP: 95/95 MP: 19/23
 15322 | Lair:4   | Reached skill level 5 in Spellcasting
 15477 | Lair:4   | Noticed Snorg
 15484 | Lair:4   | Killed Snorg
 16218 | Lair:5   | Entered Level 5 of the Lair of Beasts
 16300 | Lair:5   | Reached skill level 1 in Armour
 16381 | Lair:5   | Found a staircase to the Slime Pits.
 16571 | Lair:5   | Noticed a merfolk avatar
 16571 | Lair:5   | Found the +8 trident of the Octopus King {venom, rElec
                  | rPois}
 17146 | Lair:5   | Noticed a seven-headed hydra
 17154 | Lair:5   | Killed a seven-headed hydra
 17155 | Lair:5   | Reached XP level 13. HP: 105/105 MP: 26/29
 17485 | Lair:5   | Reached skill level 5 in Dodging
 17566 | Lair:5   | Noticed a dire elephant
 17975 | Lair:5   | Killed a dire elephant
 18007 | Lair:5   | Reached skill level 5 in Armour
 19842 | D:10     | Found Dil Maef's General Store.
 19870 | D:10     | Bought a scroll of enchant weapon for 112 gold pieces
 19993 | D:11     | Found a staircase to the Orcish Mines.
 20008 | D:11     | Reached skill level 9 in Hexes
 20345 | D:11     | Identified the +0 helmet of the Ladybird {*Slow Str+7
                  | Int+4}
 20720 | D:11     | Noticed Maurice
 20921 | D:11     | Killed Maurice
 21226 | Orc:1    | Entered Level 1 of the Orcish Mines
 21228 | Orc:1    | Found Yntesieg's Weapon Boutique.
 21724 | Orc:2    | Entered Level 2 of the Orcish Mines
 21879 | Orc:2    | Found a staircase to the Elven Halls.
 22042 | D:4      | Bought a ring of willpower for 250 gold pieces
 22332 | D:11     | Reached skill level 10 in Hexes
 23836 | D:13     | Reached skill level 11 in Hexes
 24436 | D:13     | Reached XP level 14. HP: 115/115 MP: 27/30
 24457 | D:13     | Found a gate to the Vaults.
 24465 | D:13     | Reached skill level 12 in Hexes
 25138 | D:14     | Noticed Rupert
 25139 | D:14     | Killed Rupert
 25298 | D:14     | Reached skill level 13 in Hexes
 25510 | D:14     | Noticed Louise
 25635 | D:14     | HP: 4/115 [red ugly thing (18)]
 26417 | D:14     | Reached skill level 14 in Hexes
 26603 | D:15     | Entered Level 15 of the Dungeon
 26702 | D:15     | Found a gate leading to a gauntlet.
 26752 | Gauntlet | Entered a Gauntlet
 26752 | Gauntlet | Found a transporter.
 26752 | Gauntlet | Found a transporter.
 26758 | Gauntlet | Found a transporter.
 26765 | Gauntlet | Found a transporter.
 26809 | Gauntlet | Found a transporter.
 26823 | Gauntlet | Found a transporter.
 26837 | Gauntlet | Found a transporter.
 26854 | Gauntlet | Found a transporter.
 26934 | Gauntlet | Found a transporter.
 26944 | Gauntlet | Found a transporter.
 26961 | Gauntlet | Found a transporter.
 26973 | Gauntlet | Found a transporter.
 26994 | Gauntlet | Found a transporter.
 27092 | Gauntlet | Found a transporter.
 27103 | Gauntlet | Found a transporter.
 27108 | Gauntlet | Found a transporter.
 27254 | Gauntlet | Identified the +1 ring mail of Cowardice {Int+3}
 27305 | Gauntlet | Identified the +0 cloak of the Mertaur {rElec rF+}
 27356 | Gauntlet | Identified the +1 pair of boots "Panirgh" {Fly Str+4}
 27376 | Gauntlet | Identified the +7 battleaxe of Ligiorr {freeze, rN+ Will+
                  | Str+3}
 27428 | Gauntlet | Reached XP level 15. HP: 72/124 MP: 31/31
 28273 | D:15     | Reached skill level 10 in Fighting
 28698 | D:15     | Found a staircase to the Depths.
 28806 | Depths:1 | Entered Level 1 of the Depths
 28809 | Depths:1 | Reached XP level 16. HP: 134/135 MP: 32/32
 28859 | Depths:1 | Found Ywurreud's Armour Emporium.
 28910 | Depths:1 | Noticed a quicksilver dragon
 28937 | Depths:1 | Killed a quicksilver dragon
 29194 | Depths:1 | Found a gateway to Hell.
 29280 | Depths:1 | Found Ihusenk's Weapon Boutique.
 29394 | Depths:1 | Found Jagemicwan's Magic Scroll Emporium.
 29395 | Depths:1 | Found Hepte's General Store.
 29431 | Depths:1 | Found Biaxzumn's Armour Boutique.
 29490 | Depths:1 | Bought a scroll of blinking for 127 gold pieces
 29490 | Depths:1 | Bought a scroll of teleportation for 51 gold pieces
 29490 | Depths:1 | Bought a scroll of teleportation for 51 gold pieces
 30307 | Orc:2    | Noticed Urug
 30317 | Orc:2    | Killed Urug
 30618 | Orc:2    | Found Veatuace's General Store.
 30647 | Orc:2    | Found Qumat's Distillery.
 31151 | Orc:2    | Bought a potion of heal wounds for 55 gold pieces
 31300 | Orc:2    | Found Byoluff's Antique Armour Shop.
 31300 | Orc:2    | Found Ciurest's Book Boutique.
 31304 | Orc:2    | Found a one-way gate leading to the halls of Pandemonium.
 31322 | Orc:2    | Bought an ichor-stained helmet for 266 gold pieces
 31322 | Orc:2    | Identified the +0 helmet "Xusaugi" {rPois} (You bought it
                  | in a shop on level 2 of the Orcish Mines)
 31361 | Orc:2    | Bought a scroll of teleportation for 42 gold pieces
 31363 | Orc:2    | Bought a potion of curing for 33 gold pieces
 31363 | Orc:2    | Bought a potion of ambrosia for 88 gold pieces
 31363 | Orc:2    | Bought a potion of might for 44 gold pieces
 31363 | Orc:2    | Bought a potion of enlightenment for 55 gold pieces
 31363 | Orc:2    | Bought a potion of haste for 110 gold pieces
 31401 | Orc:2    | Found Vanuz's Distillery.
 31409 | Orc:2    | Bought a potion of heal wounds for 55 gold pieces
 31409 | Orc:2    | Bought a potion of might for 44 gold pieces
 31409 | Orc:2    | Bought a potion of haste for 110 gold pieces
 31409 | Orc:2    | Bought a potion of curing for 33 gold pieces
 31409 | Orc:2    | Bought a potion of heal wounds for 55 gold pieces
 31881 | Orc:1    | Found Bawubik's Assorted Antiques.
 31885 | Orc:1    | Bought a scroll of identify for 52 gold pieces
 31950 | Orc:1    | Reached skill level 10 in Armour
 31986 | Orc:1    | Found Giha's Jewellery Shop.
 32053 | Elf:1    | Entered Level 1 of the Elven Halls
 32176 | Swamp:1  | Entered Level 1 of the Swamp
 32192 | Swamp:1  | Noticed a kraken
 32227 | Swamp:1  | Killed a kraken
 33084 | Swamp:2  | Learned a level 3 spell: Stone Arrow
 33163 | Swamp:2  | Reached skill level 1 in Conjurations
 33163 | Swamp:2  | Reached skill level 1 in Earth Magic
 33995 | Swamp:3  | Noticed Donald
 34002 | Swamp:3  | Killed Donald
 34239 | Swamp:3  | Noticed a tentacled monstrosity
 34253 | Swamp:3  | Killed a tentacled monstrosity
 34255 | Swamp:3  | Identified the amulet of the Tired Riding Eyes {Reflect
                  | rElec SH+5}
 34455 | Swamp:3  | Reached XP level 17. HP: 84/144 MP: 17/33
 34803 | Swamp:3  | Reached skill level 5 in Conjurations
 34803 | Swamp:3  | Reached skill level 5 in Earth Magic
 35471 | Swamp:4  | Entered Level 4 of the Swamp
 35837 | Swamp:4  | Reached skill level 15 in Stealth
 37523 | Swamp:4  | Got a decaying rune of Zot
 38625 | Snake:1  | Entered Level 1 of the Snake Pit
 38631 | Snake:1  | Noticed Frances
 38637 | Snake:1  | Reached skill level 1 in Summonings
 38729 | Snake:1  | Killed Frances
 39048 | Snake:1  | Noticed Agnes
 39053 | Snake:1  | Killed Agnes
 40472 | Snake:1  | Reached skill level 5 in Summonings
 40688 | Snake:1  | Identified a scroll of acquirement
 40700 | Snake:1  | Acquired the ring of Ydyr {Drain rElec rC+ Str+3 Int+2
                  | Dex+6}
 41117 | Snake:2  | Reached XP level 18. HP: 85/151 MP: 17/36
 41309 | Snake:2  | Found Zaismiy's General Store.
 41311 | Snake:2  | Found Nidoupn's Specific Store.
 41687 | Snake:2  | Found Kofuiguq's Magic Scroll Shoppe.
 41695 | Snake:2  | Bought a scroll of identify for 26 gold pieces
 41695 | Snake:2  | Bought a scroll of identify for 26 gold pieces
 41695 | Snake:2  | Bought a scroll of fear for 52 gold pieces
 41695 | Snake:2  | Bought a scroll of identify for 26 gold pieces
 41787 | Snake:2  | Noticed Aizul
 41797 | Snake:2  | Killed Aizul
 41810 | Snake:2  | Identified the +2 ring mail "Alybiracea" {Int+3 Dex+3}
 43189 | Snake:3  | Found Calyosch's Assorted Antiques.
 43193 | Snake:3  | Found Kioseh's Jewellery Boutique.
 43770 | Snake:4  | Entered Level 4 of the Snake Pit
 44526 | Snake:4  | Reached skill level 10 in Conjurations
 46196 | Snake:4  | Got a serpentine rune of Zot
 46522 | D:12     | Learned a level 7 spell: Orb of Destruction
 46592 | D:14     | Noticed Kirke
 46643 | D:14     | Killed Kirke
 46774 | D:14     | Killed Louise
 46939 | Vaults:1 | Entered Level 1 of the Vaults
 48033 | Vaults:1 | Got the Opusculum on Metamorphic Last Rites
 48162 | Vaults:1 | Reached XP level 19. HP: 158/158 MP: 32/37
 49589 | Vaults:2 | Identified the +3 arbalest "Loubutet" {penet, MP+9 Int+3
                  | Stlth+}
 50158 | Vaults:2 | HP: 6/158 [yaktaur captain (12)]
 50826 | Vaults:2 | Reached skill level 15 in Conjurations
 50835 | Vaults:2 | Learned a level 5 spell: Freezing Cloud
 51000 | Vaults:2 | Reached skill level 1 in Air Magic
 52508 | Vaults:3 | Found Zyab's Magic Scroll Shoppe.
 52720 | Vaults:3 | Bought a scroll of teleportation for 57 gold pieces
 52720 | Vaults:3 | Bought a scroll of blinking for 142 gold pieces
 52720 | Vaults:3 | Bought a scroll of fog for 76 gold pieces
 52824 | Vaults:3 | Found a staircase to the Crypt.
 53015 | Vaults:3 | Noticed Zenata
 53041 | Vaults:3 | Found a transporter.
 53253 | Vaults:3 | Found a transporter.
 53280 | Vaults:3 | Killed Zenata
 53897 | Vaults:4 | Noticed Saint Roka
 54107 | Vaults:4 | Reached skill level 10 in Spellcasting
 54200 | Vaults:4 | Noticed Boris
 54217 | Vaults:4 | Killed Boris
 54515 | Vaults:4 | Found Byun's Jewellery Shoppe.
 54820 | Vaults:4 | Reached XP level 20. HP: 88/166 MP: 33/40
 55521 | Vaults:4 | Killed Saint Roka
 55980 | Vaults:4 | Noticed Mara
 55986 | Vaults:4 | Noticed DrLatency's illusion
 56918 | Vaults:4 | Killed Mara
 57409 | Vaults:3 | Learned a level 8 spell: Discord
 57734 | Depths:1 | Reached skill level 15 in Hexes
 57830 | Depths:1 | Found a one-way gate to the infinite horrors of the Abyss.
 58497 | Depths:1 | Identified the +6 lajatang of the Glamorous God {freeze,
                  | rC+}
 58776 | Depths:1 | Reached skill level 16 in Hexes
 59156 | Depths:1 | Found Piapheur's Jewellery Shoppe.
 59157 | Depths:1 | Found Rotabuschus's Book Shop.
 59158 | Depths:1 | Found Nugupa's Jewellery Shoppe.
 59168 | Depths:1 | Bought Sif Muna's Compendium of the Vexatious Charnel House
                  | for 650 gold pieces
 59173 | Depths:1 | Learned a level 4 spell: Cause Fear
 59482 | Depths:2 | Found Loseciep's Antique Armour Shop.
 59483 | Depths:2 | Found Myohuica's Armour Boutique.
 59483 | Depths:2 | Found Donej's Jewellery Shop.
 59486 | Depths:2 | Found Juko Bio's Distillery.
 59579 | Depths:2 | Noticed Boris
 59589 | Depths:2 | HP: 6/168 [disintegration (90)]
 60149 | Depths:1 | Learned a level 2 spell: Sublimation of Blood
 60314 | Depths:2 | Killed Boris
 60315 | Depths:2 | Reached skill level 1 in Necromancy
 60650 | Depths:2 | Noticed Asterion
 60724 | Depths:3 | Reached skill level 17 in Hexes
 61821 | Depths:3 | Reached XP level 21. HP: 165/174 MP: 39/42
 61942 | Depths:3 | Noticed a golden dragon
 61943 | Depths:3 | Noticed a juggernaut
 61958 | Depths:3 | Reached skill level 18 in Hexes
 61960 | Depths:3 | Killed a juggernaut
 62287 | Depths:2 | Gained mutation: You occasionally lose the ability to read
                  | scrolls when taking damage. [a cacodemon]
 62291 | Depths:2 | Killed Asterion
 62659 | Depths:2 | HP: 8/174 [Executioner (28)]
 62659 | Depths:2 | Slain by an Executioner

Illustrated notes

Levels and vault maps discovered:
D:1:      spicycebolla_arrival_risky_transporter, layout_basic
D:2:      layout_basic
D:3:      layout_basic, evilmike_ruin_ashenzari, minmay_shallow_snake_nest,
          uniq_grinder
D:4:      layout_layer_cave, mainiacjoe_overflow_small_starburst,
          nicolae_qazlal_scattered_showers, serial_shops, shop_statue,
          st_stairs_4, uniq_pikel, uniq_robin, uniq_sigmund
D:5:      layout_basic, mainiacjoe_overflow_cross_hatched,
          mainiacjoe_overflow_24_doors, mainiacjoe_overflow_six_doors_small,
          kennysheep_little_box, interstate_on_off, uniq_ijyb
D:6:      layout_cave_pools, minmay_misc_feat_room, nicolae_lava_and_water
D:7:      minmay_evil_eye, layout_gridville, fiery_altar_vehumet,
          minmay_temple_entry_waves, eino_small_chamber_without_monster,
          hangedman_decor_clover_reticule, nicolae_letterblocks
          [nicolae_letter_subblock, nicolae_letter_subblock,
          nicolae_letter_subblock, nicolae_letter_subblock,
          nicolae_letter_subblock, nicolae_letter_subblock,
          nicolae_letter_subblock, nicolae_letter_subblock,
          nicolae_letter_subblock, nicolae_letter_subblock,
          nicolae_letter_subblock, nicolae_letter_subblock,
          nicolae_letter_subblock, nicolae_letter_subblock,
          nicolae_letter_subblock, nicolae_letter_subblock,
          nicolae_letter_subblock, nicolae_letter_subblock,
          nicolae_letter_subblock, nicolae_letter_subblock,
          nicolae_letter_subblock, nicolae_letter_subblock,
          nicolae_letter_subblock, nicolae_letter_subblock,
          nicolae_letter_subblock], uniq_crazy_yiuf_cottage
D:8:      layout_basic, nicolae_dithmenos_through_a_glass_darkly,
          mainiacjoe_overflow_boulevard
D:9:      layout_irregular_city, serial_shops, shop, uniq_psyche
D:10:     layout_roguey, marbit_many_paths, lemuel_doored_altar,
          lair_entry_dummy, serial_shops, shop
D:11:     layout_gridville, david_orc_2, uniq_maurice
D:12:     layout_rooms, special_room [special_room_orc]
D:13:     layout_loops_corners, erik_vaults_2
D:14:     layout_irregular_city, minmay_misc_feat_cross, uniq_rupert,
          uniq_louise, uniq_kirke
D:15:     grunt_enter_depths_magical_seal, layout_long_grid, serial_glass,
          glass_columns_a, glass_columns_c, glass_columns_a, glass_columns_b,
          glass_columns_a, glass_columns_a, glass_columns_a, glass_columns_a,
          glass_columns_a, glass_columns_b, glass_columns_b, glass_columns_a,
          glass_columns_a, glass_columns_c, gauntlet_entry_generic,
          hangedman_glass_teeth
Lair:1:   layout_hall_layers, serial_bayou_shore_a
Lair:2:   layout_chaotic_city, minmay_swamp_entry_eels, dummy_snake_entry,
          basic_altar, st_stairs_3
Lair:3:   layout_loops_ring, infiniplex_staircase_pool_2
Lair:4:   layout_big_grid, uniq_snorg
Lair:5:   gammafunk_lair_ancient_temple, layout_cave_pods,
          minmay_slime_entry_pillars, infiniplex_staircase_pool
Swamp:1:  layout_basic_swamp, serial_swamp_ruin, evilmike_swamp_ruin_rubble_2,
          evilmike_swamp_ruin_house_2, evilmike_swamp_ruin_house_5, swamp_pool5,
          nicolae_swamp_thats_no_hydra
Swamp:2:  layout_basic_swamp, nicolae_swamp_very_dense_foliage, swamp_pool3,
          nicolae_swamp_stair_fork
Swamp:3:  nzn_winding_woodlands_medium [nzn_winding_woodlands_hourglass,
          nzn_winding_woodlands_5x15_pathside_ponds,
          nzn_winding_woodlands_5x5_perimeter, nzn_winding_woodlands_5x5_three,
          nzn_winding_woodlands_center_diamonds,
          nzn_winding_woodlands_5x5_checkerboard,
          nzn_winding_woodlands_5x5_closed_star,
          nzn_winding_woodlands_5x15_zeroes, nzn_winding_woodlands_5x5_default],
          layout_falls_marsh, nicolae_swamp_bean_lake, uniq_donald
Swamp:4:  swamp_vile, layout_basic_swamp, swamp_pool1
Snake:1:  layout_grid_maze, nicolae_snake_dead_anacondas, uniq_frances,
          uniq_agnes
Snake:2:  layout_misc_corridors, basic_altar, nicolae_specific_store,
          st_stairs_5, nicolae_stop_n_shop_2, grunt_megastairs_1, uniq_aizul
Snake:3:  layout_chambers, serial_bayou_crossing, minmay_shop_star
Snake:4:  hellmonk_snake_rune_quicksilver_temple, layout_onion_interference,
          drop_trap, hangedman_snake_corridor_cut
Orc:1:    layout_diamond_mine, serial_shops, nicolae_shop_window_shopping,
          nicolae_shop_hallway_stairs, shop
Orc:2:    pf_orc_diabolical, layout_caves, serial_shops, shop,
          hangedman_minor_magic, uniq_urug
Elf:1:    eino_elf_arrival_the_gate, layout_loops_ring, serial_sigils,
          serial_sigils_hangedman_quiver, serial_sigils_hangedman_quiver,
          serial_sigils_hangedman_quiver, serial_sigils_hangedman_quiver,
          serial_sigils_hangedman_quiver, orc_legates
Vaults:1: nicolae_vaults_sealed_display, nicolae_vaults_network_quinsquares
          [nicolae_vaults_network_quincunx_subvault,
          nicolae_vaults_network_quincunx_subvault,
          nicolae_vaults_network_quincunx_subvault,
          nicolae_vaults_network_quincunx_subvault], nicolae_vaults_turnstiles,
          v_rooms_5, nicolae_vaults_closet_pinwheel_3,
          hangedman_vaults_stretched_pinwheel, hangedman_vaults_unwind,
          vaults_dpeg_ring, ontoclasm_vaults_pinch, grunt_vaults_hallway_short,
          nicolae_vaults_trapezoid_lopsided_1,
          nicolae_vaults_variable_pillar_hall, nicolae_vaults_little_squares_3,
          ontoclasm_vaults_loading_screen, layout_vaults_omnicross
Vaults:2: nicolae_vaults_closet_pinwheel_6, nicolae_vaults_yaktaur_gun_rack,
          v_misc_11, vaults_standard_mumra_enter_the_diamond,
          nicolae_vaults_quartermaster, nicolae_vaults_two_Ls,
          nicolae_vaults_asterisk, layout_vaults_omnigrid
Vaults:3: gammafunk_sealed_arena, grunt_vaults_hallway_short,
          nicolae_vaults_closet_pinwheel_3, v_misc_30,
          hangedman_vaults_corner_blocks, ontoclasm_vaults_spin,
          nicolae_vaults_stairing_the_circle, nicolae_vaults_trapezoid_layered,
          vaults_dpeg_doors, vaults_standard_mumra_enter_the_diamond,
          nicolae_vaults_house_3, minmay_crypt_entry_necro_gods,
          nicolae_vaults_little_squares_3, v_misc_1, v_misc_23,
          layout_vaults_ring, serial_shops, shop, uniq_zenata
Vaults:4: vaults_dpeg_hooks, hangedman_vaults_pinch,
          nicolae_vaults_stepped_doors, v_rooms_4,
          nicolae_vaults_trapezoid_lopsided_1, vaults_room_boxed,
          vaults_room_grunt_arrival_checkpoint, ontoclasm_vaults_hangar,
          vaults_room_octagon, nicolae_vaults_diamond_1,
          nicolae_vaults_surprise_closet_hard, layout_vaults_chaotic_city,
          serial_shops, nicolae_shop_gaudy_bauble, uniq_mara, uniq_saint_roka,
          uniq_boris
Depths:1: layout_gridlike, kennysheep_flooded_box, abyss_entry, hell_entry,
          serial_shops, shop_fountains, shop, nicolae_shop_gibbet_a_chance,
          shop, nicolae_shop_statue_plus, minmay_misc_feat_alley,
          beargit_hepliaklqana_dungeon_heroes, minmay_shop_grove
Depths:2: evilmike_negative_zone, layout_cave_pools, hell_entry,
          rand_demon_pan_entry_7, guppyfry_shop_blood, minmay_shoptagon,
          uniq_asterion
Depths:3: minmay_the_grid_3x3 [minmay_the_grid_diamond_grid,
          minmay_the_grid_large_cup, minmay_the_grid_medium_cups,
          minmay_the_grid_zigzag_pyramid, minmay_the_grid_mess,
          minmay_the_grid_armoury, minmay_the_grid_stretched_grid,
          minmay_the_grid_spin_star,
          minmay_the_grid_prize_four_corners_diamond_a], layout_gridlike,
          enter_ziggurat_d, grunt_mini_vestibule, abyss_entry_flame_altar,
          minmay_misc_feat_plants

Skill      XL: |  1  2  3  4  5  6  7  8  9 10 11 12 13 14 15 16 17 18 19 20 21 |
---------------+----------------------------------------------------------------+-----
Short Blades   | 1 2 4 6 10 | 10.6
Stealth        | 3 5 9 12 13 14 15 | 15.8
Hexes          | 3 4 5 8 11 14 17 18 | 18.4
Ice Magic      | 1 4 |  4.2
Spellcasting   | 3 4 7 9 10 11 | 11.4
Fighting       | 2 5 7 8 9 10 11 12 | 12.3
Dodging        | 4 6 |  6.5
Armour         | 3 5 10 | 10.7
Conjurations   | 4 5 13 15 | 15.5
Earth Magic    | 4 5 |  5.3
Summonings     | 6 7 |  7.2
Air Magic      | 3 |  3.9
Necromancy     | 4 |  4.6

Action                     |  1- 3 |  4- 6 |  7- 9 | 10-12 | 13-15 | 16-18 | 19-21 || total
---------------------------+-------+-------+-------+-------+-------+-------+-------++-------
  Melee: Dagger            |   143 |   171 |   201 |   242 |   621 |  1029 |   807 ||  3214
         Punch             |       |     1 |     1 |       |     6 |       |       ||     8
         Unarmed           |       |       |       |       |       |     2 |       ||     2
   Cast: Ensorcelled Hiber |    27 |    48 |    52 |   192 |   269 |   479 |   316 ||  1383
         Confusing Touch   |       |    12 |    16 |    13 |    33 |    77 |    74 ||   225
         Tukima's Dance    |       |       |    11 |       |    44 |     5 |     1 ||    61
         Stone Arrow       |       |       |       |       |       |    60 |     2 ||    62
         Orb of Destructio |       |       |       |       |       |       |    51 ||    51
         Freezing Cloud    |       |       |       |       |       |       |     4 ||     4
         Discord           |       |       |       |       |       |       |     6 ||     6
  Evoke: Wand              |       |       |       |       |     1 |     5 |     1 ||     7
         Phantom mirror    |       |       |       |       |     1 |       |       ||     1
    Use: Potion            |       |       |     2 |     2 |     3 |     2 |     9 ||    18
         Scroll            |       |       |       |    11 |     6 |    28 |    13 ||    58
   Stab: Sleeping          |    25 |    19 |    47 |   139 |   176 |   399 |   243 ||  1048
         Confused          |       |    10 |    14 |    12 |    28 |    77 |   105 ||   246
         Distracted        |       |       |     1 |       |       |     1 |     2 ||     4
         Invisible         |       |       |       |       |     2 |       |       ||     2
         Fleeing           |       |       |       |       |       |       |     1 ||     1
 Armour: Robe              |    20 |    23 |    28 |    26 |       |       |       ||    97
         Scale mail        |       |       |       |    63 |   297 |       |       ||   360
         Ring mail         |       |       |       |       |    21 |     2 |       ||    23
         Quicksilver drago |       |       |       |       |       |   413 |   241 ||   654
  Dodge: Dodged            |    88 |   130 |    93 |   147 |   348 |   574 |   321 ||  1701
  Block: Orb               |       |       |       |       |       |   109 |   110 ||   219
         Reflection        |       |       |       |       |       |    13 |     5 ||    18

Table legend: (Time is in decaauts)
 A = Elapsed time spent in this place.
 B = Non-inter-level travel time spent in this place.
 C = Inter-level travel time spent in this place.
 D = Time resting spent in this place.
 E = Time spent auto-exploring this place.
 F = Levels seen in this place.
 G = Mean time per level.
                   A        B        C        D        E       F      G
               +--------+--------+--------+--------+--------+-----+--------+
         Total |  61275 |  57062 |   4213 |  16187 |  28443 |  39 | 1571.2 |
       Dungeon |  21164 |  19048 |   2116 |   4321 |  10491 |  15 | 1410.9 |
          Lair |   7280 |   6506 |    774 |   1471 |   3563 |   5 | 1456.0 |
         Swamp |   6334 |   6089 |    245 |   2296 |   2716 |   4 | 1583.5 |
     Snake Pit |   7490 |   7285 |    205 |   2503 |   3553 |   4 | 1872.5 |
  Orcish Mines |   2746 |   2637 |    109 |    495 |   1302 |   2 | 1373.0 |
   Elven Halls |     10 |     10 |      0 |      0 |      3 |   1 |   10.0 |
        Vaults |   9959 |   9332 |    627 |   2777 |   4994 |   4 | 2489.8 |
        Depths |   5428 |   5294 |    134 |   2273 |   1647 |   3 | 1809.3 |
      Gauntlet |    859 |    859 |      0 |     50 |    174 |   1 |  859.0 |
               +--------+--------+--------+--------+--------+-----+--------+

Top non-repeatable levels by time:
Vaults:4: 3154 daAuts
Depths:1: 2932 daAuts
Vaults:3: 2549 daAuts
     D:5: 2488 daAuts
Vaults:2: 2261 daAuts
  Lair:5: 2260 daAuts
 Snake:1: 2225 daAuts
 Snake:3: 2118 daAuts
    D:11: 2088 daAuts
Vaults:1: 1993 daAuts
 Snake:4: 1985 daAuts
 Swamp:4: 1815 daAuts
   Orc:2: 1815 daAuts
     D:4: 1784 daAuts
 Swamp:3: 1716 daAuts
